 Dungeon Crawl Stone Soup version 0.26-a0-520-g952f204493 (webtiles) character file.

Game seed: 12084205088401414260

2 ANON1729 the Sneak (level 1, -2/19 HPs)
             Began as a Palentonga Delver on Aug 12, 2020.
             Slain by an iguana (9 damage)
             ... on level 5 of the Dungeon.
             The game lasted 00:00:11 (182 turns).

ANON1729 the Sneak (Palentonga Delver)               Turns: 182, Time: 00:00:12

Health: -2/19      AC:  4    Str: 15    XL:     1   Next: 25%
Magic:  1/1        EV:  9    Int: 10    God:
Gold:   0          SH:  0    Dex: 11    Spells: 0/0 levels left

rFire    . . .     SeeInvis +   a - +0 mace
rCold    . . .     Faith    .   (no shield)
rNeg     . . .     Spirit   .   b - +0 leather armour
rPois    .         Reflect  .   (no helmet)
rElec    .         Harm     .   (no cloak)
rCorr    .                      (no gloves)
MR       .....                  (boots restricted)
Stlth    ++........             (no amulet)
HPRegen  0.06/turn              (no ring)
MPRegen  0.07/turn              (no ring)

@: no status effects
A: large, rugged brown scales 3, see invisible, deformed body, roll, armoured
tail
a: Rolling Charge


You were on level 5 of the Dungeon.
You visited 1 branch of the dungeon, and saw 1 of its levels.

Inventory:

Hand Weapons
 a - a +0 mace (weapon)
Armour
 b - a +0 leather armour (worn)
Wands
 g - a wand of digging (3)
Scrolls
 c - a scroll of fog
 d - a scroll of magic mapping
 e - a scroll of fear
Potions
 f - a potion of haste


   Skills:
 + Level 3.0 Fighting
 + Level 2.0 Maces & Flails
 + Level 1.6 Dodging
 + Level 3.3 Stealth


You couldn't memorise any spells.
You didn't know any spells.
Your spell library was empty.

Dungeon Overview and Level Annotations

Branches:
Dungeon (5/15)
 Temple: D:4-7

Altars:


Innate Abilities, Weirdness & Mutations

You are completely covered in rugged brown scales. (AC +3, +7% HP)
You have supernaturally acute eyesight. (SInv)
Armour fits poorly on your strangely shaped body.
You can roll at foes to attack.
You have a long armoured tail.


Message History

You are too injured to fight recklessly!
You are too injured to fight recklessly!
You are too injured to fight recklessly!
You are too injured to fight recklessly!
You are too injured to fight recklessly!
You are too injured to fight recklessly!
You are too injured to fight recklessly!
You are too injured to fight recklessly!
The sky beast flickers out of sight for a moment.
An orc comes into view. It is wielding a +0 mace.
The iguana hisses menacingly.
The iguana bites you.
You hit the iguana.
Your tail-slap misses the iguana.
The iguana is lightly wounded.
The iguana closely misses you.
The sky beast flickers out of sight for a moment.
You hit the iguana.
Your tail-slap misses the iguana.
The iguana is lightly wounded.
The iguana bites you!
You die...

##.######..#..#
#.##......#..#####
#.##.##...........
#.##.###..#..#####
#.##.# #..#(.#
#.##.###..#..#
#..).........#
#.#..###..##.#
#...≈Yl@.....#
#.#o########.#
#.#........ #
#.#..###### #.#..#
#.#o.# #..# #..#
#../


You could see a sky beast (invisible), an iguana and an orc.

Vanquished Creatures
  An orc (D:5)
1 creature vanquished.

Notes
Turn   | Place    | Note
-------+----------+-------------------------------------------
     0 | D:5      | ANON1729 the Palentonga Delver began the quest for the Orb.
     0 | D:5      | Reached XP level 1. HP: 19/19 MP: 1/1
   166 | D:5      | Noticed an iguana
   169 | D:5      | Noticed a sky beast
   182 | D:5      | Slain by an iguana

Illustrated notes

Levels and vault maps discovered:
D:5:      layout_loops_ring, eat_drink_and_be_merry_uskayaw,
          minmay_misc_feat_nine_boxes

Action                   || total
-------------------------++-------
Melee: Mace              ||     6
Armor: Leather armour    ||     1
Dodge: Dodged            ||     2

Table legend: (Time is in decaauts)
 A = Elapsed time spent in this place.
 B = Non-inter-level travel time spent in this place.
 C = Inter-level travel time spent in this place.
 D = Time resting spent in this place.
 E = Time spent auto-exploring this place.
 F = Levels seen in this place.
 G = Mean time per level.
                   A        B        C        D        E       F      G
               +--------+--------+--------+--------+--------+-----+--------+
         Total |    183 |    183 |      0 |    109 |     45 |   1 |  183.0 |
       Dungeon |    183 |    183 |      0 |    109 |     45 |   1 |  183.0 |
               +--------+--------+--------+--------+--------+-----+--------+

Top non-repeatable levels by time:
     D:5: 183 daAuts
